 Dungeon Crawl Stone Soup version 0.29.0-4-gdea44cf6ec (webtiles) character file.

Game seed: 13791170053582501778

135 qw the Chopper (level 5, -1/42 HPs)
             Began as a Barachi Chaos Knight on Sept 4, 2022.
             Slain by an iron imp (3 damage)
             ... summoned by Xom
             ... on level 3 of the Dungeon.
             The game lasted 00:01:16 (2663 turns).

qw the Chopper (Barachi Chaos Knight)               Turns: 2663, Time: 00:01:16

Health: -1/42      AC:  5    Str: 15    XL:     5   Next: 18%
Magic:  5/5        EV: 11    Int: 13    God:
Gold:   828        SH:  0    Dex: 11    Spells: 4/4 levels left

rFire   + . .      SeeInvis .   a - +0 war axe
rCold   . . .      Faith    .   (no shield)
rNeg    . . .      Spirit   .   d - +1 leather armour {rF+}
rPois   .          Reflect  .   n - +0 helmet
rElec   .          Harm     .   (no cloak)
rCorr   .          Rampage  .   (no gloves)
Will    .....                   (no boots)
Stlth   +.........              (no amulet)
HPRegen 0.14/turn               (no ring)
MPRegen 0.09/turn               (no ring)

@: spiked, slowed, very slow
A: amphibious, slowness 1, strong legs 1, +LOS
a: Hop


You were on level 3 of the Dungeon.
You visited 1 branch of the dungeon, and saw 3 of its levels.

You collected 828 gold pieces.


Innate Abilities, Weirdness & Mutations

You are amphibious.
You cover ground slowly.
You can hop short distances.
You have an extended range of vision and can be seen from far away.


   Skills:
 - Level 4.0 Fighting
 + Level 6.0 Axes
 - Level 2.4 Armour
 - Level 1.1 Dodging


You had 4 spell levels left.
You didn't know any spells.
Your spell library was empty.

Inventory:

Hand Weapons
 a - a +0 war axe (weapon)
 r - a +0 mace
Armour
 b - a +2 leather armour
 d - a +1 leather armour of fire resistance (worn)
 e - a +0 ring mail
 n - a +0 helmet (worn)
Scrolls
 m - 4 scrolls of identify
Potions
 g - 2 potions of degeneration {unknown}
 h - a potion of might
 i - a potion of brilliance {unknown}
 j - 2 potions of curing {unknown}
 k - a potion of heal wounds
 l - a potion of haste {unknown}
 p - a potion of resistance {unknown}
Miscellaneous
 c - a piece from Xom's chessboard (15/15)

Dungeon Overview and Level Annotations

Branches:
Dungeon (3/15)

Altars:
Sif Muna


Message History

You feel much better. The gnoll hits you with a +0 spear.
You barely miss the gnoll.
The gnoll is moderately wounded.
The gnoll closely misses you.
You hit the gnoll.
The gnoll is moderately wounded.
The gnoll barely misses you.
You slash the gnoll!
You kill the gnoll!
Your Fighting skill increases to level 4!
You start resting. "Let's see if it's strong enough to survive yet."
The divine experience drains your vigour!
You feel yourself slow down.
An ice devil comes into view.
You hit the red devil.
The red devil is lightly wounded.
You hit the ice devil but do no damage. You hit the iron imp. x2
You hit the ufetubus. You slash the iron imp!
The iron imp is almost dead.
You hit the iron imp but do no damage. You hit the red devil.
You closely miss the ufetubus. You hit the ice devil but do no damage.
The ufetubus hits you. x2
The red devil hits you with a +1 demon trident of venom.
Barbed spikes become lodged in your body.
The ice devil closely misses you. The iron imp barely misses you.
You barely miss the iron imp.
The iron imp is almost dead.
You hit the quasit. You hit the red devil.
You hit the chaos spawn but do no damage.
You closely miss the shadow imp. You slash the ice devil!
You barely miss the quasit. You closely miss the ice devil.
The quasit bites you but does no damage.
The quasit closely misses you. The quasit barely misses you.
The red devil closely misses you. The ice devil hits you.
The ice devil freezes you!! The quasit misses you.
The quasit barely misses you. The quasit misses you.
The shadow imp barely misses you. The iron imp hits you.
You die...

.....##.....#
......#...........
.....##.....#
..................
.....##.....#
#####.............
.....##.....####
#.......[..#..
....##.........#
#..........#..
...............#
#.......#.....
...............#####.....
...............554.......
...............4@55......
..............55445....##
....#####......555....##
.... #.............# ...
#.............#
#.............#
#.............#
#######.......# #.......#


You could see 2 ice devils, a chaos spawn (summoned), a red devil (summoned), 3
iron imps, 3 quasits, 3 shadow imps and an ufetubus (summoned).

Vanquished Creatures
  An orc wizard (D:3)
  4 gnolls (D:3)
  3 adders
  5 orcs (D:3)
  5 ball pythons
  3 endoplasms
  A giant cockroach (D:3)
  5 goblins
  2 hobgoblins
  3 kobolds
  A quokka (D:2)
  5 bats
  4 frilled lizards
  A rat (D:2)
43 creatures vanquished.

Vanquished Creatures (others)
  A goblin zombie (D:2)
1 creature vanquished.

Grand Total: 44 creatures vanquished

Notes
Turn   | Place    | Note
-------+----------+-------------------------------------------
     0 | D:1      | qw the Barachi Chaos Knight began the quest for the Orb.
     0 | D:1      | Reached XP level 1. HP: 18/18 MP: 1/1
     0 | D:1      | 0 ||| qw: Version: 0.1-a-103-gd6f5d3a
     0 | D:1      | 0 ||| qw: Game counter: 5492
     0 | D:1      | 0 ||| qw: Always use a shield: true
     0 | D:1      | 0 ||| qw: God list: Okawaru
     0 | D:1      | 0 ||| qw: Allow faded altars: false
     0 | D:1      | 0 ||| qw: Do Orc after D:15 true
     0 | D:1      | 0 ||| qw: Do second Lair branch before Depths: true
     0 | D:1      | 0 ||| qw: Lair rune preference: random
     0 | D:1      | 0 ||| qw: Plans: Normal
     0 | D:1      | 0 ||| PLANNING D:1-11
     0 | D:1      | Fell from the grace of Xom
   341 | D:1      | Reached XP level 2. HP: 23/24 MP: 2/2
   387 | D:1      | Found a faded altar of an unknown god.
   759 | D:1      | 759 ||| READING 2 scrolls labelled WENUER YSMAO.
   760 | D:1      | 760 ||| READING scroll labelled LAILUS ZU QIA.
   761 | D:1      | 761 ||| READING scroll labelled GAGURU LUSUDE.
   761 | D:1      | Identified a scroll of acquirement
   761 | D:1      | 761 ||| ACQUIRING 705 gold pieces
   761 | D:1      | Acquired 705 gold pieces
   763 | D:1      | 763 ||| READING 2 scrolls labelled HETOSS DYPPOECU.
   764 | D:1      | 764 ||| READING 2 scrolls labelled SIAWOFOMIV.
   765 | D:1      | 765 ||| DROPPING scroll of vulnerability.
   766 | D:1      | 766 ||| DROPPING scroll of immolation.
   805 | D:2      | 805 ||| Stepping ~*~*~tactically~*~*~ (stealth).
   807 | D:2      | 807 ||| Stepping ~*~*~tactically~*~*~ (stealth).
   812 | D:2      | Reached skill level 4 in Axes
   813 | D:2      | 813 ||| Stepping ~*~*~tactically~*~*~ (stealth).
   815 | D:2      | 815 ||| Stepping ~*~*~tactically~*~*~ (stealth).
   817 | D:2      | 817 ||| Stepping ~*~*~tactically~*~*~ (stealth).
  1036 | D:2      | Reached XP level 3. HP: 29/29 MP: 3/3
  1139 | D:2      | Found a shimmering blue altar of Sif Muna.
  1340 | D:2      | XOM: cloud trail
  1408 | D:2      | 1408 ||| DROPPING +0 club.
  1564 | D:2      | 1564 ||| UPGRADING to +1 leather armour of fire resistance.
  1574 | D:2      | 1574 ||| UPGRADING to +0 helmet.
  1579 | D:2      | 1579 ||| READING scroll labelled ZUATYA RETUR.
  1583 | D:2      | 1583 ||| READING scroll labelled PEUWNE ITRORAU.
  1584 | D:2      | 1584 ||| READING scroll labelled MISEIC MOIMP.
  1585 | D:2      | 1585 ||| DRINKING 2 dark potions.
  1586 | D:2      | 1586 ||| DRINKING 3 silvery potions.
  1587 | D:2      | 1587 ||| READING 3 scrolls of identify.
  1587 | D:2      | 1587 ||| IDENTIFYING lumpy brown potion
  1588 | D:2      | 1588 ||| READING 2 scrolls of identify.
  1588 | D:2      | 1588 ||| IDENTIFYING smoky white potion
  1589 | D:2      | 1589 ||| DROPPING potion of berserk rage.
  1590 | D:2      | 1590 ||| DROPPING potion of magic.
  1591 | D:2      | 1591 ||| Stepping randomly (stuck).
  1592 | D:2      | 1592 ||| Stepping randomly (stuck).
  1593 | D:2      | 1593 ||| Stepping randomly (stuck).
  1594 | D:2      | 1594 ||| Stepping ~*~*~tactically~*~*~ (cloud).
  1782 | D:3      | 1782 ||| Stepping ~*~*~tactically~*~*~ (stealth).
  1801 | D:3      | 1801 ||| Stepping ~*~*~tactically~*~*~ (stealth).
  1802 | D:3      | 1802 ||| Stepping ~*~*~tactically~*~*~ (stealth).
  1807 | D:3      | 1807 ||| Stepping ~*~*~tactically~*~*~ (stealth).
  1808 | D:3      | 1808 ||| Stepping ~*~*~tactically~*~*~ (stealth).
  1810 | D:3      | 1810 ||| FLEEEEING.
  1811 | D:3      | 1811 ||| FLEEEEING.
  1812 | D:3      | 1812 ||| FLEEEEING.
  1867 | D:3      | Reached skill level 5 in Axes
  1948 | D:3      | 1948 ||| FLEEEEING.
  1996 | D:3      | 1996 ||| SWAPPING to +0 war axe.
  1997 | D:3      | 1997 ||| DROPPING +0 hand axe of chaos.
  2093 | D:3      | 2093 ||| Stepping ~*~*~tactically~*~*~ (stealth).
  2094 | D:3      | 2094 ||| Stepping ~*~*~tactically~*~*~ (stealth).
  2096 | D:3      | 2096 ||| Stepping ~*~*~tactically~*~*~ (stealth).
  2097 | D:3      | 2097 ||| Stepping ~*~*~tactically~*~*~ (stealth).
  2100 | D:3      | 2100 ||| Stepping ~*~*~tactically~*~*~ (stealth).
  2101 | D:3      | 2101 ||| Stepping ~*~*~tactically~*~*~ (stealth).
  2106 | D:3      | Reached XP level 4. HP: 21/36 MP: 4/4
  2106 | D:3      | 2106 ||| Stepping ~*~*~tactically~*~*~ (hiding).
  2111 | D:3      | 2111 ||| Stepping ~*~*~tactically~*~*~ (stealth).
  2130 | D:3      | HP: 6/36 [something/magic dart (4)]
  2134 | D:3      | HP: 1/36 [something/puff of flame (2)]
  2137 | D:3      | 2137 ||| Stepping ~*~*~tactically~*~*~ (stealth).
  2336 | D:3      | 2336 ||| FLEEEEING.
  2337 | D:3      | 2337 ||| FLEEEEING.
  2338 | D:3      | 2338 ||| FLEEEEING.
  2345 | D:3      | 2345 ||| FLEEEEING.
  2523 | D:3      | 2523 ||| Stepping ~*~*~tactically~*~*~ (stealth).
  2592 | D:3      | Reached skill level 6 in Axes
  2592 | D:3      | Reached XP level 5. HP: 17/41 MP: 5/5
  2594 | D:3      | HP: 5/41 [gnoll/+0 spear (7)]
  2595 | D:3      | 2595 ||| DRINKING 2 potions of heal wounds.
  2660 | D:3      | XOM: summons 14 hostile demons
  2661 | D:3      | Noticed an ice devil
  2661 | D:3      | Noticed a red devil
  2661 | D:3      | Noticed a chaos spawn
  2661 | D:3      | Noticed an ice devil
  2663 | D:3      | HP: 2/42 [ice devil[Xom] (19)]
  2663 | D:3      | Slain by an iron imp

Levels and vault maps discovered:
D:1:      spicycebolla_arrival_xxxplode, layout_basic,
          shapermc_ecumenical_altar_flowoftime, chequers_serial_rivers_large_b,
          grunt_decor_arrowhead, nicolae_concentric_dashed_squares_wild
D:2:      layout_basic, basic_altar, hangedman_decor_push, kennysheep_potato
D:3:      layout_basic, mainiacjoe_overflow_catch_the_wave, lemuel_tele_altar

Skill      XL: |  1  2  3  4  5 |
---------------+----------------+-----
Axes           | 4 5 6 |  6.0
Fighting       | 4 |  4.0
Armour         | |  2.4
Dodging        | |  1.1

Action                   |  1- 3 |  4- 6 || total
-------------------------+-------+-------++-------
Melee: Hand axe          |    83 |       ||    83
       War axe           |    19 |    45 ||    64
Throw: Boomerang         |     6 |       ||     6
Invok: Renounce Religion |     1 |       ||     1
  Use: Scroll            |    10 |       ||    10
       Potion            |     2 |     1 ||     3
 Stab: Petrified         |     5 |       ||     5
       Petrifying        |     1 |       ||     1
Armor: Leather armour    |    33 |    24 ||    57
Dodge: Dodged            |    55 |    38 ||    93

Table legend:
 A = Non-vault XP
 B = Vault XP
 C = Vault XP percentage of total XP
 D = Non-vault monster count
 E = Vault monster count
 F = Vault count percentage of total count
                 A         B        C        D         E       F
            +---------+---------+-------+---------+---------+-------
      Total |     192 |       2 |   1.0 |      42 |       1 |   2.3
            +---------+---------+-------+---------+---------+-------
        D:1 |      12 |       0 |   0.0 |       8 |       0 |   0.0
        D:2 |      45 |       2 |   4.3 |      14 |       1 |   6.7
        D:3 |     135 |       0 |   0.0 |      20 |       0 |   0.0
            +---------+---------+-------+---------+---------+-------
